 Dungeon Crawl Stone Soup version 0.31-a0-455-g1a7b003ef0 (webtiles) character file.

Game seed: 7437439510069839314

26 jasper the Vexing (level 2, -4/22 HPs)
             Began as a Demonspawn Hexslinger on Aug 3, 2023.
             Slain by a gnoll
             ... wielding a +0 spear
              (7 damage)
             ... on level 1 of the Dungeon.
             The game lasted 00:01:12 (598 turns).

jasper the Vexing (Demonspawn Hexslinger)            Turns: 598, Time: 00:01:13

Health: -4/22      AC:  3    Str:  8    XL:     2   Next: 89%
Magic:  3/3        EV: 14    Int: 14    God:
Gold:   28         SH:  0    Dex: 15    Spells: 2/3 levels left

rFire   . . .        a - +1 sling
rCold   . . .        (no shield)
rNeg    . . .        c - +0 robe
rPois   .            (no helmet)
rElec   .            g - +0 cloak
rCorr   .            (no gloves)
SInv    .            (no boots)
Will    .....        (no amulet)
Stlth   +            (no ring)
HPRegen 0.23/turn    (no ring)
MPRegen 0.08/turn

%: no passive effects
@: no status effects
A: repulsion field 1
a: no special abilities


You were on level 1 of the Dungeon.
You visited 1 branch of the dungeon, and saw 1 of its levels.

You collected 28 gold pieces.

Inventory:

Hand Weapons
 a - a +1 sling (weapon)
Armour
 c - a +0 robe (worn)
 d - a +0 scale mail
 g - a +0 cloak (worn)
Scrolls
 b - a scroll of poison
 f - a scroll of enchant weapon {unknown}
 h - a scroll of identify {unknown}
Potions
 e - a potion of ambrosia {unknown}


   Skills:
 + Level 1.8 Fighting
 * Level 2.7 Ranged Weapons
 - Level 1.7 Dodging
 - Level 1.0 Spellcasting
 - Level 3.0 Hexes


You had 2 spell levels left.
You knew the following spells:

 Your Spells              Type           Power      Damage    Failure   Level
a - Slow                  Hex            36%        N/A       8%          1

Your spell library contained the following spells:

 Spells                   Type           Power      Damage    Failure   Level
 Inner Flame              Hex/Fire       4%         N/A       38%         3
 Portal Projectile        Hex/Tloc       8%         N/A       38%         3
 Cause Fear               Hex            4%         N/A       58%         4


Dungeon Overview and Level Annotations

Branches:
Dungeon (1/15)

Altars:


Innate Abilities, Weirdness & Mutations

You are surrounded by a mild repulsion field. (EV +2)


Message History

You shoot a sling bullet.
The sling bullet barely misses the gnoll.
The bat hits you.
The gnoll hits you from afar with a +0 spear.
You take 2 damage, and have 20/22 hp.
Fire: a) +1 sling
Press: ? - help, Q - select action, (/) - cycle Shift-Dir - straight line, f/p - gnoll
Aim: a gnoll, wielding a +0 spear (severely wounded, 61% to hit)
You shoot a sling bullet.
The sling bullet closely misses the bat.
The sling bullet barely misses the gnoll.
The bat barely misses you. The bat completely misses you. The bat hits you.
The gnoll hits you from afar with a +0 spear!
You take 8 damage, and have 12/22 hp.
MASSIVE DAMAGE!!
Fire: a) +1 sling
Press: ? - help, Q - select action, (/) - cycle Shift-Dir - straight line, f/p - gnoll
Aim: a gnoll, wielding a +0 spear (severely wounded, 61% to hit)
You shoot a sling bullet. The sling bullet hits the bat.
You kill the bat!
The gnoll hits you from afar with a +0 spear!
* * * LOW HITPOINT WARNING * * *
The quokka bites you but does no damage.
You take 7 damage, and have 5/22 hp.
MASSIVE DAMAGE!!
Fire: a) +1 sling
Press: ? - help, Q - select action, (/) - cycle Shift-Dir - straight line, f/p - gnoll
Aim: a gnoll, wielding a +0 spear (severely wounded, 61% to hit)
You shoot a sling bullet. The sling bullet hits the quokka.
The quokka is almost dead.
The gnoll misses you.
The quokka bites you but does no damage.
The gnoll hits you from afar with a +0 spear.
* * * LOW HITPOINT WARNING * * *
You take 2 damage, and have 3/22 hp.
Fire: a) +1 sling
Press: ? - help, Q - select action, (/) - cycle Shift-Dir - straight line, f/p - gnoll
Aim: a gnoll, wielding a +0 spear (severely wounded, 61% to hit)
You shoot a sling bullet. The sling bullet hits the quokka.
You kill the quokka!
The gnoll hits you from afar with a +0 spear!
You die...

##############
#............#
######.##########.#
#[@.....# #.#
#†####..#########.#
#g #.............
#. #.####..####.#
.. ♣#.# #..# #.# #.
♣..# #..# #.# #.
♣#.####..# #.# #.
#.......# #.#
#.#####.####.#


You could see a gnoll.

Vanquished Creatures
  2 dart slugs (D:1)
  A ball python (D:1)
  A bat (D:1)
  3 endoplasms (D:1)
  2 giant cockroaches (D:1)
  A goblin (D:1)
  2 kobolds (D:1)
  4 quokkas (D:1)
  3 frilled lizards (D:1)
  2 rats (D:1)
21 creatures vanquished.

Notes
Turn   | Place    | Note
-------+----------+-------------------------------------------
     0 | D:1      | jasper the Demonspawn Hexslinger began the quest for the
                  | Orb.
     0 | D:1      | Reached XP level 1. HP: 15/15 MP: 2/2
   194 | D:1      | Gained mutation: You are surrounded by a mild repulsion
                  | field. (EV +2) [demonic ancestry]
   194 | D:1      | Reached XP level 2. HP: 13/21 MP: 3/3
   598 | D:1      | Slain by a gnoll

Illustrated notes

Levels and vault maps discovered:
D:1:      dpeg_chamrin_arrival_tetris, layout_loops_ring, serial_forest,
          infiniplex_forest_clump_tiny, infiniplex_forest_clump_medium,
          infiniplex_forest_straight_2, infiniplex_forest_straight_2,
          infiniplex_forest_clump_small, infiniplex_forest_lined_2,
          infiniplex_forest_corner_1, infiniplex_forest_end_2

Skill      XL: |  1 |
---------------+----+-----
Ranged Weapons | 2 |  2.7
Fighting       | |  1.8
Dodging        | |  1.7
Spellcasting   | |  1.0
Hexes          | |  3.0

Action                     || total
---------------------------++-------
   Fire: Sling             ||    63
   Cast: Slow              ||     1
 Armour: Robe              ||     5
  Dodge: Dodged            ||    11

Table legend: (Time is in decaauts)
 A = Elapsed time spent in this place.
 B = Non-inter-level travel time spent in this place.
 C = Inter-level travel time spent in this place.
 D = Time resting spent in this place.
 E = Time spent auto-exploring this place.
 F = Levels seen in this place.
 G = Mean time per level.
                   A        B        C        D        E       F      G
               +--------+--------+--------+--------+--------+-----+--------+
         Total |    615 |    615 |      0 |      0 |    494 |   1 |  615.0 |
       Dungeon |    615 |    615 |      0 |      0 |    494 |   1 |  615.0 |
               +--------+--------+--------+--------+--------+-----+--------+

Top non-repeatable levels by time:
     D:1: 615 daAuts
